 Dungeon Crawl Stone Soup version 0.25-a0-87-ga3d287b (webtiles) character file.

Game seed: 16459781122969845439, levelgen mode: deterministic

88 BoppinsLewinski the Skirmisher (level 4, -7/40 HPs)
             Began as a Draconian Fighter on Nov 11, 2019.
             Mangled by an ice beast (16 damage)
             ... on level 2 of the Dungeon.
             The game lasted 00:02:39 (1959 turns).

BoppinsLewinski the Skirmisher (Draconian Fighter)  Turns: 1959, Time: 00:02:39

Health: -7/40      AC:  5    Str: 24    XL:     4   Next: 29%
Magic:  4/4        EV: 10    Int:  8    God:
Gold:   28         SH:  9    Dex: 11    Spells: 3/3 levels left

rFire    + . .     SeeInvis .   a - +0 war axe
rCold    x . .     Gourm    .   b - +0 shield
rNeg     . . .     Faith    .   (armour unavailable)
rPois    .         Spirit   .   (helmet restricted)
rElec    .         Reflect  .   (no cloak)
rCorr    .         Harm     .   (no gloves)
MR       .....                  (no boots)
Stlth    +.........             (no amulet)
HPRegen  0.13/turn              h - ring of fire
MPRegen  0.09/turn              (no ring)

@: mighty, slowed, very slow
A: unfitting armour, cold-blooded, AC +5
a: no special abilities


You were on level 2 of the Dungeon.
You were hungry.

You visited 1 branch of the dungeon, and saw 2 of its levels.

You collected 28 gold pieces.

Inventory:

Hand Weapons
 a - a +0 war axe (weapon)
Missiles
 m - 6 poisoned darts (quivered)
Armour
 b - a +0 shield (worn)
Jewellery
 h - a ring of fire (left hand)
Scrolls
 g - 6 scrolls of identify {unknown}
 i - a scroll of magic mapping {unknown}
 l - a scroll of remove curse {unknown}
Potions
 c - a potion of might
 e - a potion of lignification {unknown}
 f - a potion of flight {unknown}
 j - a potion of magic {unknown}
 k - a potion of haste {unknown}
Comestibles
 d - 2 rations


   Skills:
 + Level 3.8 Fighting
 * Level 3.3 Axes
 + Level 0.3 Throwing
 + Level 3.1 Dodging
 + Level 3.4 Shields


You had 3 spell levels left.
You didn't know any spells.
Your spell library was empty.

Dungeon Overview and Level Annotations

Branches:
Dungeon (2/15)

Altars:


Innate Abilities, Weirdness & Mutations

Your plain brown scales are hard. (AC +5)
You cannot fit into any form of body armour.
You are cold-blooded and may be slowed by cold attacks.


Message History

Tha ice beast be too close now fer yer likin'.
Ye barely miss tha ice beast.
Ye tail-slap tha ice beast, but do nay damage.
Tha ice beast hits ye.
Tha ice beast freezes ye!!
Ye feel a terrible chill!
Ye feel yerself slow down.
Ye closely miss tha ice beast.
Tha ice beast hits ye.
Tha ice beast freezes ye!
Ye feel a terrible chill!
Ye feel as though ye will be slow longer.
* * * LOW HITPOINT WARNIN'
* * * Tha ice beast barely misses ye.
Ye be too injured ta fight recklessly!
Ye feel very mighty all o' a sudd'n.
Tha ice beast barely misses ye.
Ye slash tha ice beast!
Tha ice beast be heavily wounded.
Ye feel yerself speed up.
Tha ice beast hits ye.
* * * LOW HITPOINT WARNIN'
* * * Tha ice beast freezes ye!
Ye feel a terrible chill!
Ye feel yerself slow down.
Ye die...

###.# #.).##.......##.### # #.#
#...##.#####.##...### #.#
##...##.#####.####.#..
###.########....÷.....##.#..†....
....#........#####.##.##.#.##.#..
#####.#####..#####.##.##.#.##.#..
...........##.......#.##....
.#####..##.##.##.####.#####.
#.....@Y.##.####.#####.
.....##..........†#....... #####
#.######.......##### #.#
#.##.#..# #.# #.##.#..# #.#
#.##.#(.# ... #.##.#..# ...
#.##.#..# #. .....#


You could see an ice beast.

Vanquished Creatures
  2 adders (D:2)
  An ooze (D:1)
  A worm (D:2)
  7 dart slugs
  2 leopard geckos (D:2)
  6 bats
  2 giant cockroaches
  5 goblins
  8 hobgoblins
  A frilled lizard (D:1)
  6 kobolds
  7 rats
48 creatures vanquished.

Notes
Turn   | Place    | Note
-------+----------+-------------------------------------------
     0 | D:1      | BoppinsLewinski the Draconian Fighter began the quest for
                  | the Orb.
     0 | D:1      | Reached XP level 1. HP: 19/19 MP: 1/1
    93 | D:1      | Reached XP level 2. HP: 25/26 MP: 2/2
   631 | D:1      | Reached XP level 3. HP: 29/31 MP: 3/3
  1573 | D:2      | Reached XP level 4. HP: 39/40 MP: 4/4
  1952 | D:2      | Noticed an ice beast
  1959 | D:2      | Mangled by an ice beast

Levels and vault maps discovered:
D:1:      dpeg_arrival_arbitrary_a, layout_loops_ring, serial_bayou_lagoon_b
D:2:      layout_loops_cross

Skill      XL: |  1  2  3 |
---------------+----------+-----
Dodging        | 3 |  3.1
Axes           | 3 |  3.3
Fighting       | |  3.8
Throwing       | |  0.3
Shields        | |  3.4

Action                   |  1- 3 |  4- 6 || total
-------------------------+-------+-------++-------
Melee: War axe           |   108 |    29 ||   137
       Tailslap          |    11 |     3 ||    14
  Use: Potion            |       |     1 ||     1
  Eat: Chunk             |     2 |     1 ||     3
Armor: Skin              |    22 |     9 ||    31
Dodge: Dodged            |    40 |    14 ||    54
Block: Shield            |    54 |    15 ||    69

Table legend:
 A = Non-vault XP
 B = Vault XP
 C = Vault XP percentage of total XP
 D = Non-vault monster count
 E = Vault monster count
 F = Vault count percentage of total count
                 A         B        C        D         E       F
            +---------+---------+-------+---------+---------+-------
      Total |     126 |       0 |   0.0 |      48 |       0 |   0.0
            +---------+---------+-------+---------+---------+-------
        D:1 |      62 |       0 |   0.0 |      28 |       0 |   0.0
        D:2 |      64 |       0 |   0.0 |      20 |       0 |   0.0
            +---------+---------+-------+---------+---------+-------
